| TOP OF THE 1ST |
|
Augusta GreenJackets batting - Pitching for Dayton Dragons : RHP Justin Ezzell
|
|
Pitching: RHP Justin Ezzell
|
|
|
Batting: RHB Danny Gallo
|
0-0: Called Strike 0-1: Called Strike 0-2: Ball 1-2: Ball 2-2: DOUBLE (Flyball, 89D, EV 89.4 MPH)
|
|
Batting: RHB Devin Lowery
|
0-0: Ball Wild Pitch! Danny Gallo to third 1-0: Foul Ball, location: 2F 1-1: Ball 2-1: Foul Ball, location: 2F 2-2: Ball 3-2: Base on Balls
|
|
Batting: LHB Carey Horncole
|
0-0: Ball 1-0: Ball 2-0: Called Strike 2-1: DOUBLE (Flyball, 8RXD, EV 96.9 MPH) Danny Gallo scores Devin Lowery to third
|
|
Batting: LHB Gabe Velez
|
0-0: Called Strike 0-1: Foul Ball, location: 2F 0-2: Strikes out swinging
|
|
Batting: RHB Doug Kennie
|
0-0: Called Strike 0-1: Foul Ball, location: 2F 0-2: Ball 1-2: Ball 2-2: DOUBLE (Flyball, 8RXD, EV 95.0 MPH) Devin Lowery scores Carey Horncole scores
|
|
Batting: RHB Drew Duncan
|
0-0: Swinging Strike 0-1: Ground out 6-3 (Groundball, 6, EV 84.4 MPH)
|
|
Batting: RHB Omar Jordan
|
0-0: Ball 1-0: Foul Ball, location: 2F 1-1: Foul Ball, location: 2F 1-2: Foul Ball, location: 2F 1-2: Strikes out swinging
|
| Top of the 1st over - 3 runs, 3 hits, 0 errors, 1 left on base; Augusta 3 - Dayton 0 |
| BOTTOM OF THE 1ST |
|
Dayton Dragons batting - Pitching for Augusta GreenJackets : RHP Israel Alvarado
|
|
Pitching: RHP Israel Alvarado
|
|
|
Batting: LHB Nick Nino
|
0-0: Foul Ball, location: 2F 0-1: Ball 1-1: Ground out U3 (Groundball, 3L, EV 100.6 MPH)
|
|
Batting: LHB Leo Gomez
|
0-0: Ball 1-0: Swinging Strike 1-1: Swinging Strike 1-2: Ball 2-2: Strikes out swinging
|
|
Batting: SHB Kristian Kristensen
|
0-0: Called Strike 0-1: Ball 1-1: Ball 2-1: Foul Ball, location: 2F 2-2: Strikes out swinging
|
| Bottom of the 1st over - 0 runs, 0 hits, 0 errors, 0 left on base; Augusta 3 - Dayton 0 |
| TOP OF THE 2ND |
|
Augusta GreenJackets batting - Pitching for Dayton Dragons : RHP Justin Ezzell
|
|
Batting: LHB John Whitman
|
0-0: Called Strike 0-1: SINGLE (Groundball, 34D, EV 103.8 MPH)
|
|
Batting: RHB Alfredo Lemus
|
0-0: Ball 1-0: Ball 2-0: Called Strike 2-1: Swinging Strike 2-2: Strikes out swinging
|
|
Batting: RHB Danny Gallo
|
0-0: Ball 1-0: Foul Ball, location: 2F 1-1: Ball 2-1: Fielders Choice at 2nd, 4-6 (Groundball, 4M, EV 86.2 MPH)
|
|
Batting: RHB Devin Lowery
|
0-0: Ball 1-0: Ball 2-0: Called Strike Danny Gallo steals 2nd base 2-1: Foul Ball, location: 2F 2-2: SINGLE (Flyball, 9LS, EV 95.0 MPH) Danny Gallo to third Runner from 3rd tries for Home, throw by RF and OUT! 9-2
|
| Top of the 2nd over - 0 runs, 2 hits, 0 errors, 1 left on base; Augusta 3 - Dayton 0 |
| BOTTOM OF THE 2ND |
|
Dayton Dragons batting - Pitching for Augusta GreenJackets : RHP Israel Alvarado
|
|
Batting: LHB Chris Grunwald
|
0-0: Ball 1-0: Ball 2-0: Ball 3-0: Base on Balls
|
|
Batting: RHB John Galluzzo
|
0-0: Called Strike 0-1: DOUBLE (Line Drive, 78D, EV 107.5 MPH) Chris Grunwald to third
|
|
Batting: RHB Bruno André
|
0-0: Swinging Strike 0-1: Foul Ball, location: 2F 0-2: Fly out, F7 (Flyball, 7, EV 89.4 MPH) Runner from 3rd tags up, SCORES, no throw by LF
|
|
Batting: LHB Andrew Hamm
|
0-0: Called Strike 0-1: Swinging Strike 0-2: Strikes out swinging
|
|
Batting: RHB Jonathan Davis
|
0-0: Ground out 5-3 (Groundball, 5, EV 109.4 MPH)
|
| Bottom of the 2nd over - 1 run, 1 hit, 0 errors, 1 left on base; Augusta 3 - Dayton 1 |
| TOP OF THE 3RD |
|
Augusta GreenJackets batting - Pitching for Dayton Dragons : RHP Justin Ezzell
|
|
Batting: LHB Carey Horncole
|
0-0: Called Strike 0-1: Ball 1-1: Ball 2-1: Ball 3-1: Base on Balls
|
|
Batting: LHB Gabe Velez
|
0-0: Called Strike 0-1: Ball 1-1: Called Strike 1-2: Strikes out looking
|
|
Batting: RHB Doug Kennie
|
0-0: Ball Carey Horncole steals 2nd base 1-0: Ground out 6-3 (Groundball, 6D, EV 102.5 MPH)
|
|
Batting: RHB Drew Duncan
|
0-0: Called Strike 0-1: Ground out U3 (Groundball, 3, EV 85.6 MPH)
|
| Top of the 3rd over - 0 runs, 0 hits, 0 errors, 1 left on base; Augusta 3 - Dayton 1 |
| BOTTOM OF THE 3RD |
|
Dayton Dragons batting - Pitching for Augusta GreenJackets : RHP Israel Alvarado
|
|
Batting: RHB Pat Grover
|
0-0: Called Strike 0-1: Ball 1-1: Foul Ball, location: 2F 1-2: Ball 2-2: Ball 3-2: Base on Balls
|
|
Batting: LHB Nick Nino
|
0-0: Ball 1-0: Swinging Strike 1-1: Ball 2-1: Foul Ball, location: 2F 2-2: SINGLE (Groundball, 25, EV 71.9 MPH) (infield hit) Pat Grover to second
|
|
Batting: LHB Leo Gomez
|
0-0: Called Strike 0-1: Foul Ball, location: 2F 0-2: Ball 1-2: Strikes out swinging
|
|
Batting: SHB Kristian Kristensen
|
0-0: DOUBLE (Line Drive, 3D, EV 108.1 MPH) Pat Grover scores Nick Nino to third Runner from 3rd tries for Home, SAFE, throw by RF to home
|
|
Batting: LHB Chris Grunwald
|
0-0: Ball 1-0: Called Strike 1-1: Called Strike 1-2: Ball 2-2: Strikes out swinging
|
|
Batting: RHB John Galluzzo
|
0-0: Called Strike 0-1: Swinging Strike 0-2: Ground out 5-3 (Groundball, 56S, EV 86.9 MPH)
|
| Bottom of the 3rd over - 2 runs, 2 hits, 0 errors, 1 left on base; Augusta 3 - Dayton 3 |
| TOP OF THE 4TH |
|
Augusta GreenJackets batting - Pitching for Dayton Dragons : RHP Justin Ezzell
|
|
Batting: RHB Omar Jordan
|
0-0: Called Strike 0-1: Ball 1-1: Foul Ball, location: 2F 1-2: Foul Ball, location: 2F 1-2: Ball 2-2: Fly out, F8 (Flyball, 8LM, EV 91.9 MPH)
|
|
Batting: LHB John Whitman
|
0-0: Called Strike 0-1: Foul Ball, location: 2F 0-2: DOUBLE (Line Drive, 89M, EV 107.5 MPH)
|
|
Batting: RHB Alfredo Lemus
|
0-0: Fly out, F9 (Flyball, 9, EV 96.9 MPH)
|
|
Batting: RHB Danny Gallo
|
0-0: SINGLE (Groundball, 6S, EV 68.8 MPH) (infield hit) John Whitman to third
|
|
Batting: RHB Devin Lowery
|
0-0: Fly out, F9 (Flyball, 89S, EV 91.9 MPH)
|
| Top of the 4th over - 0 runs, 2 hits, 0 errors, 2 left on base; Augusta 3 - Dayton 3 |
| BOTTOM OF THE 4TH |
|
Dayton Dragons batting - Pitching for Augusta GreenJackets : RHP Israel Alvarado
|
|
Batting: RHB Bruno André
|
0-0: Called Strike 0-1: Foul Ball, location: 2F 0-2: Hit by Pitch
|
|
Batting: LHB Andrew Hamm
|
0-0: DOUBLE (Flyball, 89D, EV 88.1 MPH) Bruno André to third
|
|
Batting: RHB Jonathan Davis
|
0-0: Swinging Strike 0-1: Swinging Strike 0-2: Ball 1-2: Ground out 1-3 (Groundball, 13, EV 66.2 MPH)
|
|
Batting: RHB Pat Grover
|
0-0: Called Strike 0-1: Called Strike 0-2: Ball 1-2: Foul Ball, location: 2F 1-2: Foul Ball, location: 2F 1-2: Strikes out swinging
|
|
Batting: LHB Nick Nino
|
0-0: Called Strike 0-1: Ball 1-1: Ball 2-1: SINGLE (Groundball, 4MS, EV 77.5 MPH) (infield hit) Bruno André scores Andrew Hamm to third
|
|
Batting: LHB Leo Gomez
|
0-0: Ball 1-0: Foul Ball, location: 2F 1-1: Ball 2-1: Foul Ball, location: 2F 2-2: Fly out, F5 (Popup, 5, EV 61.9 MPH)
|
| Bottom of the 4th over - 1 run, 2 hits, 0 errors, 2 left on base; Augusta 3 - Dayton 4 |
| TOP OF THE 5TH |
|
Augusta GreenJackets batting - Pitching for Dayton Dragons : RHP Justin Ezzell
|
|
Batting: LHB Carey Horncole
|
0-0: DOUBLE (Line Drive, 7LD, EV 102.5 MPH)
|
|
Batting: LHB Gabe Velez
|
0-0: Called Strike Carey Horncole steals 3rd base 0-1: Ball 1-1: Swinging Strike 1-2: Strikes out swinging
|
|
Batting: RHB Doug Kennie
|
0-0: Ball 1-0: Called Strike 1-1: Swinging Strike 1-2: Ball 2-2: Ball Passed Ball! Carey Horncole scores 3-2: Foul Ball, location: 2F 3-2: Foul Ball, location: 2F 3-2: Ground out 5-3 (Groundball, 56, EV 86.2 MPH)
|
|
Batting: RHB Drew Duncan
|
0-0: Ball 1-0: Foul Ball, location: 2F 1-1: Foul Ball, location: 2F 1-2: Fly out, F8 (Flyball, 8LD, EV 78.1 MPH)
|
| Top of the 5th over - 1 run, 1 hit, 0 errors, 0 left on base; Augusta 4 - Dayton 4 |
| BOTTOM OF THE 5TH |
|
Dayton Dragons batting - Pitching for Augusta GreenJackets : RHP Israel Alvarado
|
|
Batting: SHB Kristian Kristensen
|
0-0: Called Strike 0-1: Called Strike 0-2: Foul Ball, location: 2F 0-2: Foul Ball, location: 2F 0-2: Strikes out swinging
|
|
Batting: LHB Chris Grunwald
|
0-0: Fly out, F7 (Flyball, 7LS, EV 96.2 MPH)
|
|
Batting: RHB John Galluzzo
|
0-0: Ball 1-0: Called Strike 1-1: Foul Ball, location: 2F 1-2: Ball 2-2: Foul Ball, location: 2F 2-2: SINGLE (Line Drive, 7LM, EV 112.5 MPH)
|
|
Batting: RHB Bruno André
|
0-0: Ball 1-0: Swinging Strike 1-1: Ball 2-1: Ball 3-1: Base on Balls John Galluzzo to second
|
|
Batting: LHB Andrew Hamm
|
0-0: Ball 1-0: Ball 2-0: Ball 3-0: Called Strike 3-1: Swinging Strike 3-2: Strikes out swinging
|
| Bottom of the 5th over - 0 runs, 1 hit, 0 errors, 2 left on base; Augusta 4 - Dayton 4 |
| TOP OF THE 6TH |
|
Augusta GreenJackets batting - Pitching for Dayton Dragons : RHP Justin Ezzell
|
|
Batting: RHB Omar Jordan
|
0-0: Called Strike 0-1: Ball 1-1: Ground out 6-3 (Groundball, 6M, EV 115.0 MPH)
|
|
Batting: LHB John Whitman
|
0-0: Called Strike 0-1: Ball 1-1: Ball 2-1: Called Strike 2-2: Ball 3-2: Base on Balls
|
|
Batting: RHB Alfredo Lemus
|
0-0: Called Strike 0-1: Called Strike 0-2: Fly out, F7 (Flyball, 7LM, EV 86.9 MPH)
|
|
Batting: RHB Danny Gallo
|
0-0: Called Strike 0-1: Ball 1-1: Called Strike 1-2: Strikes out swinging
|
| Top of the 6th over - 0 runs, 0 hits, 0 errors, 1 left on base; Augusta 4 - Dayton 4 |
| BOTTOM OF THE 6TH |
|
Dayton Dragons batting - Pitching for Augusta GreenJackets : RHP Israel Alvarado
|
|
Pitching: LHP Matt Wass
|
|
|
Batting: RHB Jonathan Davis
|
0-0: Ball 1-0: Foul Ball, location: 2F 1-1: Ball 2-1: Called Strike 2-2: Ball 3-2: Foul Ball, location: 2F 3-2: Foul Ball, location: 2F 3-2: Strikes out swinging
|
|
Batting: RHB Pat Grover
|
0-0: Ball 1-0: Called Strike 1-1: Ground out 6-3 (Groundball, 6, EV 82.5 MPH)
|
|
Batting: LHB Nick Nino
|
0-0: Ball 1-0: Ball 2-0: Called Strike 2-1: Ground out 5-3 (Groundball, 56, EV 83.8 MPH)
|
| Bottom of the 6th over - 0 runs, 0 hits, 0 errors, 0 left on base; Augusta 4 - Dayton 4 |
| TOP OF THE 7TH |
|
Augusta GreenJackets batting - Pitching for Dayton Dragons : RHP Justin Ezzell
|
|
Pitching: RHP Joe Green
|
|
|
Batting: RHB Devin Lowery
|
0-0: Called Strike 0-1: Foul Ball, location: 2F 0-2: Hit by Pitch
|
|
Batting: LHB Carey Horncole
|
0-0: Ball 1-0: Ball Devin Lowery steals 2nd base 2-0: Ball Wild Pitch! Devin Lowery to third 3-0: Base on Balls
|
|
Batting: LHB Gabe Velez
|
0-0: Called Strike Carey Horncole steals 2nd base 0-1: Ball 1-1: Intentional Walk
|
|
Batting: RHB Doug Kennie
|
0-0: SINGLE (Groundball, 56D, EV 103.8 MPH) Devin Lowery scores Carey Horncole to third Gabe Velez to second
|
|
Batting: RHB Drew Duncan
|
0-0: Ball 1-0: Ball 2-0: SINGLE (Groundball, 56, EV 102.5 MPH) Carey Horncole scores Gabe Velez to third Doug Kennie to second
|
|
Batting: RHB Omar Jordan
|
0-0: SINGLE (Line Drive, 3, EV 95.6 MPH) Gabe Velez scores Doug Kennie to third Drew Duncan to second
|
|
Batting: LHB John Whitman
|
0-0: Ball 1-0: Ball 2-0: Foul Ball, location: 2F 2-1: DOUBLE (Line Drive, 7LS, EV 97.5 MPH) Doug Kennie scores Drew Duncan scores Omar Jordan to third
|
|
Pitching: RHP Justin Ambrose
|
|
|
Batting: RHB Alfredo Lemus
|
0-0: Called Strike 0-1: Called Strike 0-2: Ball 1-2: Ball 2-2: SINGLE (Line Drive, 8RS, EV 95.6 MPH) Omar Jordan scores John Whitman to third
|
|
Batting: RHB Danny Gallo
|
0-0: Ball Alfredo Lemus steals 2nd base 1-0: Ground out 6-3 (Groundball, 6, EV 103.1 MPH) John Whitman scores
|
|
Batting: RHB Devin Lowery
|
0-0: Swinging Strike 0-1: Called Strike 0-2: Strikes out looking
|
|
Batting: LHB Carey Horncole
|
0-0: Ball 1-0: Called Strike 1-1: Swinging Strike 1-2: Ball 2-2: Ball 3-2: DOUBLE (Line Drive, 7LM, EV 105.6 MPH) Alfredo Lemus scores
|
|
Batting: LHB Gabe Velez
|
0-0: Foul Ball, location: 2F 0-1: Swinging Strike 0-2: Strikes out swinging
|
| Top of the 7th over - 8 runs, 6 hits, 0 errors, 1 left on base; Augusta 12 - Dayton 4 |
| BOTTOM OF THE 7TH |
|
Dayton Dragons batting - Pitching for Augusta GreenJackets : LHP Matt Wass
|
|
Batting: LHB Leo Gomez
|
0-0: Ball 1-0: Ball 2-0: Ground out 6-3 (Groundball, 6, EV 111.2 MPH)
|
|
Batting: SHB Kristian Kristensen
|
0-0: Foul Ball, location: 2F 0-1: Ball 1-1: Ball 2-1: Fly out, F9 (Flyball, 89D, EV 78.1 MPH)
|
|
Batting: LHB Chris Grunwald
|
0-0: Ball 1-0: Called Strike 1-1: Foul Ball, location: 2F 1-2: Ball 2-2: Foul Ball, location: 2F 2-2: Ground out 5-3 (Groundball, 56, EV 101.2 MPH)
|
| Bottom of the 7th over - 0 runs, 0 hits, 0 errors, 0 left on base; Augusta 12 - Dayton 4 |
| TOP OF THE 8TH |
|
Augusta GreenJackets batting - Pitching for Dayton Dragons : RHP Justin Ambrose
|
|
Batting: RHB Doug Kennie
|
0-0: Ball 1-0: Ball 2-0: Called Strike 2-1: Ball 3-1: Ground out 5-3 (Groundball, 56S, EV 89.4 MPH)
|
|
Pitching: LHP Tim Ketcham
|
|
|
Batting: RHB Drew Duncan
|
0-0: Fly out, F7 (Line Drive, 7, EV 88.1 MPH)
|
|
Pinch Hitting: RHB Sam Smith
|
0-0: Ball 1-0: Called Strike 1-1: Foul Ball, location: 2F 1-2: Foul Ball, location: 2F 1-2: Ball 2-2: Ball 3-2: Foul Ball, location: 2F 3-2: SINGLE (Line Drive, 89M, EV 95.0 MPH)
|
|
Batting: LHB John Whitman
|
0-0: Ball 1-0: Ground out U3 (Groundball, 3S, EV 70.6 MPH)
|
| Top of the 8th over - 0 runs, 1 hit, 0 errors, 1 left on base; Augusta 12 - Dayton 4 |
| BOTTOM OF THE 8TH |
|
Dayton Dragons batting - Pitching for Augusta GreenJackets : LHP Matt Wass
|
|
Now at 1B: Sam Smith
|
|
|
Pinch Hitting: RHB Travis Petrick
|
0-0: Ground out 6-3 (Groundball, 56, EV 99.4 MPH)
|
|
Batting: RHB Bruno André
|
0-0: Ball 1-0: Swinging Strike 1-1: Ball 2-1: Fly out, F8 (Flyball, 89XD, EV 103.1 MPH)
|
|
Pinch Hitting: RHB Sean Jenkinson
|
0-0: Called Strike 0-1: Ball 1-1: Foul Ball, location: 2F 1-2: Ball 2-2: Ball 3-2: Strikes out swinging, 2-3 out at first.
|
| Bottom of the 8th over - 0 runs, 0 hits, 0 errors, 0 left on base; Augusta 12 - Dayton 4 |
| TOP OF THE 9TH |
|
Augusta GreenJackets batting - Pitching for Dayton Dragons : LHP Tim Ketcham
|
|
Now at 1B: Sean Jenkinson
|
|
|
Now at 2B: Nick Nino
|
|
|
Now at SS: Tim Walter
|
|
|
Batting: RHB Alfredo Lemus
|
0-0: Called Strike 0-1: Foul Ball, location: 2F 0-2: Strikes out swinging
|
|
Batting: RHB Danny Gallo
|
0-0: Ball 1-0: Ball 2-0: Ball 3-0: Base on Balls
|
|
Pitching: RHP Adam McCurdy
|
|
|
Batting: RHB Devin Lowery
|
0-0: Ball 1-0: Called Strike 1-1: Swinging Strike 1-2: Ball Wild Pitch! Danny Gallo to second 2-2: Ball 3-2: Base on Balls
|
|
Batting: LHB Carey Horncole
|
0-0: Foul Ball, location: 2F 0-1: Swinging Strike 0-2: Foul Ball, location: 2F 0-2: Ball 1-2: Strikes out swinging
|
|
Batting: LHB Gabe Velez
|
0-0: Ball 1-0: Ball 2-0: Swinging Strike 2-1: Ball 3-1: Base on Balls Danny Gallo to third Devin Lowery to second
|
|
Batting: RHB Doug Kennie
|
0-0: Ball 1-0: SINGLE (Groundball, 6MD, EV 94.4 MPH) Danny Gallo scores Devin Lowery to third Gabe Velez to second Runner from 3rd tries for Home, SAFE, throw by CF to home
|
|
Pitching: RHP Doug Elliott
|
|
|
Batting: RHB Drew Duncan
|
0-0: Ground out 5-3 (Groundball, 56S, EV 93.1 MPH)
|
| Top of the 9th over - 2 runs, 1 hit, 0 errors, 2 left on base; Augusta 14 - Dayton 4 |
| BOTTOM OF THE 9TH |
|
Dayton Dragons batting - Pitching for Augusta GreenJackets : LHP Matt Wass
|
|
Pitching: RHP Ron Riley
|
|
|
Batting: RHB Jonathan Davis
|
0-0: Called Strike 0-1: Called Strike 0-2: Strikes out looking
|
|
Batting: RHB Pat Grover
|
0-0: Foul Ball, location: 2F 0-1: Foul Ball, location: 2F 0-2: Strikes out looking
|
|
Batting: LHB Nick Nino
|
0-0: Foul Ball, location: 2F 0-1: Ground out 5-3 (Groundball, 5, EV 85.0 MPH)
|
| Bottom of the 9th over - 0 runs, 0 hits, 0 errors, 0 left on base; Augusta 14 - Dayton 4 |
|